 Dungeon Crawl Stone Soup version 0.16.0-14-g63f578d (console) character file.

175 gw the Stinger (level 5, 0/29 HPs)
             Began as a Deep Elf Venom Mage on Mar 18, 2015.
             Slain by a bat (1 damage)
             ... on level 3 of the Dungeon.
             The game lasted 00:02:03 (2936 turns).

gw the Stinger (Deep Elf Venom Mage)                Turns: 2936, Time: 00:02:03

Health: 0/29       AC:  5    Str:  5    XL:     5   Next: 29%
Magic:  0/19       EV: 12    Int: 21    God:
Gold:   87         SH:  0    Dex: 15    Spells: 3 memorised, 5 levels left

rFire  . . .     SeeInvis +     a - +0 short sword
rCold  . . .     Clarity  .     g - +0 leather armour
rNeg   . . .     SustAb   .     (no shield)
rPois  .         Gourm    .     e - +0 helmet
rElec  .         Spirit   +     (no cloak)
rCorr  .         Warding  .     (no gloves)
rMut   .         Stasis   .     h - +0 pair of boots
MR     .....                    k - amulet of guardian spirit
Stlth  ++........               (no ring)
                                m - ring of see invisible

@: not resistant to hostile enchantments, unstealthy
A: no striking features
a: no special abilities


You were on level 3 of the Dungeon.
You were not hungry.

You visited 1 branch of the dungeon, and saw 3 of its levels.

You collected 87 gold pieces.

Inventory:

Hand weapons
 a - a +0 short sword (weapon)
Missiles
 f - 62 arrows
Armour
 e - a +0 helmet (worn)
 g - a +0 leather armour (worn)
 h - a +0 pair of boots (worn)
Jewellery
 k - an amulet of guardian spirit (around neck)
 m - a ring of see invisible (left hand)
Scrolls
 d - a scroll of identify
 o - a scroll of recharging
Books
 b - a Young Poisoner's Handbook

   Spells                             Type                      Level
   a - Sting                          Conjuration/Poison           1
   b - Cure Poison                    Poison                       2
   c - Mephitic Cloud                 Conjuration/Poison/Air       3
   d - Olgreb's Toxic Radiance        Poison                       4
   e - Venom Bolt                     Conjuration/Poison           5
Comestibles
 c - a bread ration
 l - a royal jelly


   Skills:
 + Level 1.5 Fighting
 + Level 1.5 Armour
 - Level 2.4 Dodging
 - Level 2.4 Stealth
 * Level 5.1 Spellcasting
 + Level 5.2 Poison Magic


You had 5 spell levels left.
You knew the following spells:

 Your Spells              Type           Power        Failure   Level  Hunger
a - Sting                 Conj/Pois      ###.         10%         1    None
b - Mephitic Cloud        Conj/Pois/Air  ##......     24%         3    ##.....
c - Venom Bolt            Conj/Pois      ###.......   99%         5    #####..


Dungeon Overview and Level Annotations

Branches:
Dungeon (3/15)

Altars:
Nemelex Xobeh
Sif Muna


Message History

Unknown command.
Unknown command.
Unknown command.
Unknown command.
MOVING TO (-8,0)
The bat closely misses you. The hobgoblin closely misses you.
The orc closely misses you.
Items here: %% )) [ a dagger; a robe; a whip; an orc corpse; an orc corpse Unknown command.
Unknown command.
Unknown command.
MOVING TO (-7,1)
The orc barely misses you. The orc hits you.
Unknown command.
Unknown command.
Unknown command.
MOVING TO (-6,1)
The bat hits you.
You die...

..... ...........
#.........#
#.........#####
#...............
####..............##
.................... .
#..............####.#
####.e.go.......##....
........boo.......##.....
............#.##.##.....
..............##........
........................
......##....%.........#
..... #......##......#
#### #......##.......
#......#.....)..


You could see 3 orcs, a hobgoblin and a bat.

Table legend:
 A = Turns spent in this place as a percentage of turns spent in the entire game.
 B = Non-inter-level travel turns spent in this place as a percentage of non-inter-level travel turns spent in the entire game.
 C = Inter-level travel turns spent in this place as a percentage of turns spent in this place.
 D = Turns resting spent in this place as a percentage of non-inter-level travel turns spent in this place.
 E = Turns spent auto-exploring this place as a percentage of non-inter-level travel turns spent in this place.
 F = Non-inter-level travel turns spent in this place divided by the number of levels of this place that you've seen.
                   A       B       C       D       E      F
               +-------+-------+-------+-------+-------+----------------------
         Total | 100.0 | 100.0 |   0.4 |   3.3 |   2.7 | 1229.3
       Dungeon | 100.0 | 100.0 |   0.4 |   3.3 |   2.7 | 1229.3
               +-------+-------+-------+-------+-------+----------------------

Table legend:
 A = Kills in this place as a percentage of kills in entire the game.
 B = Kills by you in this place as a percentage of kills by you in the entire game.
 C = Kills by friends in this place as a percentage of kills by friends in the entire game.
 D = Other kills in this place as a percentage of other kills in the entire game.
 E = Experience gained in this place as a percentage of experience gained in the entire game.
 F = Experience gained in this place divided by the number of levels of this place that you have seen.
                   A       B       C       D       E      F
               +-------+-------+-------+-------+-------+----------------------
         Total | 100.0 | 100.0 |  -nan |  -nan | 100.0 |  83.7
       Dungeon | 100.0 | 100.0 |  -nan |  -nan | 100.0 |  83.7
               +-------+-------+-------+-------+-------+----------------------

Vanquished Creatures
  An orc wizard (D:3)
  Jessica (D:3)
  Terence (D:3)
  6 adders (D:2)
  A worm (D:2)
  2 giant geckos
  2 oozes
  An orc (D:3)
  5 bats
  2 giant cockroaches
  5 goblins
  6 hobgoblins
  6 jackals (D:1)
  5 kobolds
  A quokka (D:2)
  2 ball pythons (D:1)
  A giant newt (D:2)
  6 rats
54 creatures vanquished.

Notes
Turn   | Place    | Note
--------------------------------------------------------------
     0 | D:1      | gw, the Deep Elf Venom Mage, began the quest for the Orb.
     0 | D:1      | Reached XP level 1. HP: 10/10 MP: 5/5
   363 | D:1      | Reached XP level 2. HP: 14/16 MP: 3/8
   762 | D:1      | Reached skill level 1 in Fighting
   999 | D:1      | Reached XP level 3. HP: 20/20 MP: 4/11
  1057 | D:1      | Learned a level 3 spell: Mephitic Cloud
  1461 | D:2      | Found a deep blue altar of Sif Muna.
  1712 | D:2      | Reached skill level 1 in Armour
  2082 | D:2      | Reached XP level 4. HP: 25/25 MP: 10/15
  2306 | D:2      | Reached skill level 5 in Poison Magic
  2661 | D:3      | Found a sparkling altar of Nemelex Xobeh.
  2663 | D:3      | Noticed Terence
  2673 | D:3      | Killed Terence
  2809 | D:3      | Noticed Jessica
  2816 | D:3      | Killed Jessica
  2816 | D:3      | Reached XP level 5. HP: 29/29 MP: 9/18
  2878 | D:3      | Learned a level 5 spell: Venom Bolt
  2932 | D:3      | Reached skill level 5 in Spellcasting
  2935 | D:3      | HP: 1/29 [orc (3)]
  2936 | D:3      | Slain by a bat

Action                   |  1- 3 |  4- 6 || total
-------------------------+-------+-------++-------
Melee: Unarmed           |     4 |       ||     4
       Club              |     8 |       ||     8
       Short sword       |       |     1 ||     1
 Cast: Sting             |    97 |    69 ||   166
  Use: Scroll            |     3 |       ||     3
       Potion            |     2 |     3 ||     5
  Eat: Chunk             |     3 |     3 ||     6

Vault maps used:
D:1:      ncdulo_lavacross
D:2:      lemuel_doored_altar
D:3:      nicolae_overflow_crystal_walls, minmay_statues_item, uniq_jessica,
          uniq_terence
